 Dungeon Crawl Stone Soup version 0.31-a0-182-gc5ef74bbde (webtiles) character file.

Game seed: 4235042550233786630

170 qw the Shooter (level 5, -2/49 HPs)
             Began as a Naga Hunter on June 20, 2023.
             Slain by Grinder (5 damage)
             ... in a sewer.
             The game lasted 00:00:55 (1668 turns).

qw the Shooter (Naga Hunter)                        Turns: 1668, Time: 00:00:55

Health: -2/49      AC:  4    Str: 13      XL:     5   Next: 51%
Magic:  5/5        EV:  9    Int:  6 (9)  God:
Gold:   61         SH:  0    Dex: 15 (23) Spells: 4/4 levels left

rFire   . . .        Y - +0 shortbow
rCold   . . .        (shield currently unavailable)
rNeg    . . .        c - +0 leather armour
rPois   +            d - +0 helmet
rElec   .            (no cloak)
rCorr   .            (no gloves)
SInv    +            (no barding)
Will    .....        (no amulet)
Stlth   ++           k - +6 ring of dexterity
HPRegen 0.28/turn    (no ring)
MPRegen 0.09/turn

%: no passive effects
@: about to teleport, very slow
A: AC +1, large, see invisible, deformed body, poison resistance, slowness 2,
spit poison 1, naga tail 1
a: Spit Poison


You were in a sewer.
You visited 1 branch of the dungeon, and saw 3 of its levels.
You also visited: Sewer.

You collected 61 gold pieces.


Innate Abilities, Weirdness & Mutations

Your serpentine skin is tough. (AC +1)
You have supernaturally acute eyesight. (SInv)
Armour fits poorly on your strangely shaped body.
Your system is resistant to poisons. (rPois)
You cover ground very slowly.
You can spit poison.
You have a snake-like lower body.


   Skills:
 - Level 3.1 Fighting
 + Level 5.4 Ranged Weapons
 - Level 2.0 Dodging
 - Level 1.5 Stealth


You had 4 spell levels left.
You didn't know any spells.
Your spell library was empty.

Inventory:

Hand Weapons
 Y - a +0 shortbow (weapon)
Armour
 c - a +0 leather armour (worn)
 d - a +0 helmet (worn)
Jewellery
 k - a +6 ring of dexterity (left hand)
Potions
 a - a potion of magic {unknown}
 e - a potion of enlightenment
 g - a potion of haste {unknown}
 h - 2 potions of curing
 j - a potion of resistance {unknown}
 n - a potion of brilliance {unknown}

Dungeon Overview and Level Annotations

Branches:
Dungeon (3/15)              Sewer (1/1)

Altars:
Okawaru
Yredelemnul

Annotations:
Sewer Grinder


Message History

You shoot an arrow. The arrow hits Grinder.
Grinder is moderately wounded.
Grinder barely misses you. Grinder gestures at you.
Pain shoots through your body!
You shoot an arrow.
The arrow hits Grinder but does no damage.
Grinder is moderately wounded.
Grinder hits you.
You shoot an arrow. The arrow hits Grinder!
Grinder is heavily wounded.
Grinder barely misses you.
You shoot an arrow. The arrow hits Grinder!
Grinder is severely wounded.
Grinder gestures at you.
You suddenly lose the ability to move!
Grinder hits you.
You writhe in agony.
Grinder gestures at you.
You struggle to resist.
You can move again.
You shoot an arrow. The arrow hits Grinder!
Grinder is almost dead.
Grinder closely misses you.
You shoot an arrow. The arrow closely misses Grinder.
Grinder closely misses you.
Grinder says, "You look like you could use a good racking."
Grinder hits you but does no damage.
You shoot an arrow. The arrow barely misses Grinder.
Grinder gestures at you. You resist with some effort.
You shoot an arrow. The arrow closely misses Grinder.
Grinder completely misses you.
You shoot an arrow. The arrow hits Grinder.
Grinder is almost dead.
Grinder hits you.
You writhe in agony.
1668 ||| READING scroll of teleportation.
As you read the scroll of teleportation, it crumbles to dust.
You feel strangely unstable. Grinder hits you.
You writhe in agony.
You die...

##+++##
##.....########
#..¤.¤..#~~~~~~
+.......'......
+.¤._.¤.'......
+......@5......
#..)¤...#~~~~~~
###...### #####
####'#########
~~~#...#~~~~~~#
~~.~~...)%~~~.~~#
.....#...#......#
#+#######~#######'#
#......#~~~#......#


You could see Grinder.

Vanquished Creatures
  A quasit (Sewer)
  5 shadow imps (Sewer)
  2 ufetubi (Sewer)
  An adder zombie (Sewer)
  2 worms (D:3)
  2 dart slugs
  8 ball pythons
  10 endoplasms
  2 giant cockroaches
  5 goblins
  3 hobgoblins
  4 quokkas
  10 bats
  2 frilled lizards
  17 kobolds
  3 rats
77 creatures vanquished.

Notes
Turn   | Place    | Note
-------+----------+-------------------------------------------
     0 | D:1      | qw the Naga Hunter began the quest for the Orb.
     0 | D:1      | Reached XP level 1. HP: 19/19 MP: 1/1
     0 | D:1      | 0 ||| qw: Version: 0.3-a-9-g12657ce
     0 | D:1      | 0 ||| qw: Game counter: 1248
     0 | D:1      | 0 ||| qw: Always use a shield: true
     0 | D:1      | 0 ||| qw: God list: Okawaru
     0 | D:1      | 0 ||| qw: Allow faded altars: false
     0 | D:1      | 0 ||| qw: Do Orc after D:15 true
     0 | D:1      | 0 ||| qw: Do second Lair branch before Depths: true
     0 | D:1      | 0 ||| qw: Lair rune preference: random
     0 | D:1      | 0 ||| qw: Plans: Normal
     0 | D:1      | 0 ||| PLANNING D:1-11
    20 | D:1      | 20 ||| FLEEEEING.
    26 | D:1      | 26 ||| FLEEEEING.
    89 | D:1      | 89 ||| INVOKING Spit Poison.
   116 | D:1      | 116 ||| INVOKING Spit Poison.
   117 | D:1      | Reached skill level 4 in Ranged Weapons
   117 | D:1      | Reached XP level 2. HP: 26/26 MP: 2/2
   195 | D:1      | 195 ||| INVOKING Spit Poison.
   328 | D:1      | 328 ||| INVOKING Spit Poison.
   352 | D:1      | 352 ||| INVOKING Spit Poison.
   378 | D:1      | 378 ||| INVOKING Spit Poison.
   379 | D:1      | 379 ||| INVOKING Spit Poison.
   422 | D:1      | 422 ||| INVOKING Spit Poison.
   532 | D:1      | Found a faded altar of an unknown god.
   638 | D:1      | 638 ||| UPGRADING to +6 ring of dexterity.
   639 | D:1      | 639 ||| READING scroll labelled ANAOCLEREQ.
   640 | D:1      | 640 ||| READING scroll labelled DEWEON EMAN.
   641 | D:1      | 641 ||| READING scroll labelled ZUWAIC PUMEIGA.
   646 | D:1      | 646 ||| READING scroll labelled DAERHY JIUCVO.
   647 | D:1      | 647 ||| DRINKING 2 fuming puce potions.
   648 | D:1      | 648 ||| DRINKING 2 sapphire potions.
   649 | D:1      | 649 ||| DRINKING 2 glowing silvery potions.
   650 | D:1      | 650 ||| DROPPING scroll of butterflies.
   651 | D:1      | 651 ||| DROPPING potion of attraction.
   670 | D:2      | 670 ||| INVOKING Spit Poison.
   699 | D:2      | Reached XP level 3. HP: 32/32 MP: 3/3
   726 | D:2      | 726 ||| INVOKING Spit Poison.
   741 | D:2      | Found a basalt altar of Yredelemnul.
   777 | D:2      | 777 ||| INVOKING Spit Poison.
   808 | D:2      | 808 ||| READING scroll labelled ATIUN DETZOY.
   814 | D:2      | 814 ||| FLEEEEING.
   815 | D:2      | 815 ||| STAIRDANCE
   865 | D:1      | 865 ||| READING 3 scrolls labelled SUDOUHI SODOUMUTI.
   866 | D:1      | 866 ||| DROPPING 2 scrolls of summoning.
   869 | D:2      | 869 ||| INVOKING Spit Poison.
   879 | D:2      | 879 ||| INVOKING Spit Poison.
   898 | D:2      | 898 ||| INVOKING Spit Poison.
   903 | D:2      | 903 ||| INVOKING Spit Poison.
   919 | D:2      | 919 ||| INVOKING Spit Poison.
   955 | D:2      | 955 ||| INVOKING Spit Poison.
  1031 | D:2      | 1031 ||| INVOKING Spit Poison.
  1133 | D:3      | 1133 ||| PLANNING SEWER
  1139 | D:3      | 1139 ||| INVOKING Spit Poison.
  1173 | D:3      | 1173 ||| INVOKING Spit Poison.
  1174 | D:3      | Found an iron altar of Okawaru.
  1201 | D:3      | 1201 ||| INVOKING Spit Poison.
  1288 | D:3      | Identified the staff "Jyetwuno" {rC+ Dex+3 Stlth+ Ice}
  1293 | D:3      | Reached skill level 5 in Ranged Weapons
  1293 | D:3      | Reached XP level 4. HP: 39/39 MP: 4/4
  1337 | D:3      | Found a glowing drain.
  1338 | D:3      | 1338 ||| INVOKING Spit Poison.
  1341 | D:3      | 1341 ||| INVOKING Spit Poison.
  1345 | D:3      | 1345 ||| UPGRADING to +0 helmet.
  1350 | D:3      | 1350 ||| READING scroll labelled QATOHY BAORAAG.
  1351 | D:3      | 1351 ||| DRINKING 2 viscous green potions.
  1352 | D:3      | 1352 ||| DROPPING potion of degeneration.
  1357 | D:3      | 1357 ||| INVOKING Spit Poison.
  1364 | Sewer    | Entered a sewer
  1365 | Sewer    | 1365 ||| INVOKING Spit Poison.
  1368 | Sewer    | 1368 ||| INVOKING Spit Poison.
  1381 | Sewer    | 1381 ||| INVOKING Spit Poison.
  1385 | Sewer    | 1385 ||| INVOKING Spit Poison.
  1407 | Sewer    | 1407 ||| Stepping ~*~*~tactically~*~*~ (outnumbered).
  1410 | Sewer    | 1410 ||| Stepping ~*~*~tactically~*~*~ (outnumbered).
  1411 | Sewer    | 1411 ||| INVOKING Spit Poison.
  1417 | Sewer    | 1417 ||| INVOKING Spit Poison.
  1438 | Sewer    | 1438 ||| INVOKING Spit Poison.
  1465 | Sewer    | Reached skill level 3 in Fighting
  1480 | Sewer    | 1480 ||| INVOKING Spit Poison.
  1487 | Sewer    | 1487 ||| INVOKING Spit Poison.
  1491 | Sewer    | Reached XP level 5. HP: 49/49 MP: 5/5
  1493 | Sewer    | 1493 ||| INVOKING Spit Poison.
  1497 | Sewer    | 1497 ||| INVOKING Spit Poison.
  1516 | Sewer    | 1516 ||| INVOKING Spit Poison.
  1638 | Sewer    | Found a burning altar of Makhleb.
  1646 | Sewer    | Noticed Grinder
  1651 | Sewer    | Paralysed by Grinder for 5 turns
  1660 | Sewer    | Paralysed by Grinder for 3 turns
  1667 | Sewer    | HP: 8/49 [Grinder (6)]
  1668 | Sewer    | 1668 ||| READING scroll of teleportation.
  1668 | Sewer    | HP: 3/49 [Grinder (6)]
  1668 | Sewer    | Slain by Grinder

Levels and vault maps discovered:
D:1:      eino_arrival_water_star, layout_basic, ebering_ecumenical_altar_rust
D:2:      layout_basic, basic_altar, minmay_3d_cube
D:3:      layout_loops_cross, lemuel_tele_altar,
          mainiacjoe_overflow_cross_hatched, cheibrodos_sewer_entry_sluice,
          hangedman_abyss_or_decor_lesser_grid, uniq_crazy_yiuf_cottage
Sewer:    kennysheep_sewer_church

Skill      XL: |  1  2  3  4  5 |
---------------+----------------+-----
Ranged Weapons | 4 5 |  5.4
Fighting       | 3 |  3.1
Dodging        | 2 |  2.0
Stealth        | |  1.5

Action                     |  1- 3 |  4- 6 || total
---------------------------+-------+-------++-------
   Fire: Shortbow          |    51 |    82 ||   133
Ability: Spit Poison       |    20 |    15 ||    35
    Use: Scroll            |     6 |     2 ||     8
         Potion            |     3 |     1 ||     4
 Armour: Leather armour    |       |    31 ||    31
  Dodge: Dodged            |     6 |    45 ||    51

Table legend:
 A = Non-vault XP
 B = Vault XP
 C = Vault XP percentage of total XP
 D = Non-vault monster count
 E = Vault monster count
 F = Vault count percentage of total count
                 A         B        C        D         E       F
            +---------+---------+-------+---------+---------+-------
      Total |      82 |     162 |  66.4 |      45 |      32 |  41.6
            +---------+---------+-------+---------+---------+-------
        D:1 |      27 |       0 |   0.0 |      14 |       0 |   0.0
        D:2 |      31 |       5 |  13.9 |      20 |       3 |  13.0
        D:3 |      24 |      10 |  29.4 |      11 |       4 |  26.7
      Sewer |       0 |     147 | 100.0 |       0 |      25 | 100.0
            +---------+---------+-------+---------+---------+-------
